CAL (WIN)
LYNCHBURG HILLCATS @ ST. LUCIE METS
12/15/2049
 
TOP OF THE 1ST
Lynchburg Hillcats batting - Pitching for St. Lucie Mets : LHP Pedro Botello
Pitching: LHP Pedro Botello
Batting: SHB Jack Tierney 0-0: Ball
1-0: Ball
2-0: Ball
3-0: Base on Balls
Batting: RHB Patrick Pinault 0-0: Ball
Wild Pitch!
Jack Tierney to second
1-0: Called Strike
1-1: Foul Ball, location: 2F
1-2: Ball
2-2: Fly out, F6 (Line Drive, 6, EV 68.8 MPH)
Batting: LHB Esteban Cordova 0-0: DOUBLE (Line Drive, 7LD, EV 105.6 MPH)
Jack Tierney scores
Batting: RHB Carlos Abrego 0-0: Ball
1-0: Ball
2-0: Called Strike
2-1: Ball
3-1: Base on Balls
Batting: RHB Steve Gusman 0-0: Swinging Strike
0-1: Ball
1-1: Foul Ball, location: 9LSF
1-2: Strikes out swinging
Batting: RHB Jeremy Givens 0-0: Called Strike
0-1: 3-RUN HOME RUN (Flyball, 8LXD, EV 106.3 MPH), Distance : 426 ft
Batting: LHB Rich Walker 0-0: Called Strike
0-1: Ball
1-1: Ball
2-1: SINGLE (Groundball, 56D, EV 97.5 MPH)
Batting: RHB Tony Gonzales 0-0: DOUBLE (Flyball, 89XD, EV 93.8 MPH)
Rich Walker to third
Runner from 3rd tries for Home, throw by CF and OUT! 8-4-2
Top of the 1st over - 4 runs, 4 hits, 0 errors, 1 left on base; Lynchburg 4 - St. Lucie 0
BOTTOM OF THE 1ST
St. Lucie Mets batting - Pitching for Lynchburg Hillcats : RHP Gordie Pierson
Pitching: RHP Gordie Pierson
Batting: RHB Eric Zylstra 0-0: Swinging Strike
0-1: Swinging Strike
0-2: Ball
1-2: Strikes out swinging, 2-3 out at first.
Batting: RHB Prabhukumar Santhanakrishnan 0-0: Called Strike
0-1: Fly out, F7 (Flyball, 7, EV 80.6 MPH)
Batting: SHB Nick Daigle 0-0: Ball
1-0: Foul Ball, location: 7LMF
1-1: Ground out 6-3 (Groundball, 6, EV 100.6 MPH)
Bottom of the 1st over - 0 runs, 0 hits, 0 errors, 0 left on base; Lynchburg 4 - St. Lucie 0
TOP OF THE 2ND
Lynchburg Hillcats batting - Pitching for St. Lucie Mets : LHP Pedro Botello
Batting: RHB Juan Ordonez 0-0: Ball
1-0: SINGLE (Line Drive, 89S, EV 102.5 MPH)
Batting: SHB Jack Tierney 0-0: Ball
1-0: Ball
2-0: Ball
Juan Ordonez is caught stealing 2nd base 2-4
3-0: Base on Balls
Batting: RHB Patrick Pinault 0-0: Called Strike
Jack Tierney is caught stealing 2nd base 2-4
0-1: Ball
1-1: Ball
2-1: Reached on error, E6 (Groundball, 56, EV 105.0 MPH)
Batting: LHB Esteban Cordova 0-0: Ball
1-0: Ball
2-0: Called Strike
2-1: Fly out, F8 (Line Drive, 78D, EV 83.8 MPH)
Top of the 2nd over - 0 runs, 1 hit, 1 error, 1 left on base; Lynchburg 4 - St. Lucie 0
BOTTOM OF THE 2ND
St. Lucie Mets batting - Pitching for Lynchburg Hillcats : RHP Gordie Pierson
Batting: RHB Warren Carmichael 0-0: SINGLE (Groundball, 6MD, EV 103.1 MPH)
Batting: RHB Craig Alvarado 0-0: Called Strike
0-1: Ball
Warren Carmichael steals 2nd base
1-1: Ball
2-1: Ball
3-1: Base on Balls
Batting: LHB Matt Baker 0-0: Ball
1-0: Grounds into double play, 5-4-3 (Groundball, 56, EV 87.5 MPH)
Warren Carmichael to third
Batting: RHB Roberto Delgado 0-0: Ball
1-0: Called Strike
1-1: Foul Ball, location: 3FF
1-2: Foul Ball, location: 2RF
1-2: Ball
2-2: Strikes out swinging
Bottom of the 2nd over - 0 runs, 1 hit, 0 errors, 1 left on base; Lynchburg 4 - St. Lucie 0
TOP OF THE 3RD
Lynchburg Hillcats batting - Pitching for St. Lucie Mets : LHP Pedro Botello
Batting: RHB Carlos Abrego 0-0: Swinging Strike
0-1: Ball
1-1: Called Strike
1-2: Foul Ball, location: 2F
1-2: Ball
2-2: SOLO HOME RUN (Flyball, 9LD, EV 98.1 MPH), Distance : 353 ft
Batting: RHB Steve Gusman 0-0: Called Strike
0-1: Ball
1-1: Foul Ball, location: 2F
1-2: Strikes out swinging
Pitching: LHP Jesus Espitia
Batting: RHB Jeremy Givens 0-0: Foul Ball, location: 9LSF
0-1: Fly out, F8 (Line Drive, 8RM, EV 110.0 MPH)
Batting: LHB Rich Walker 0-0: Ball
1-0: Ball
2-0: Ball
3-0: Called Strike
3-1: Base on Balls
Batting: RHB Tony Gonzales 0-0: Foul Ball, location: 9LSF
0-1: Fly out, F5 (Line Drive, 5, EV 76.3 MPH)
Top of the 3rd over - 1 run, 1 hit, 0 errors, 1 left on base; Lynchburg 5 - St. Lucie 0
BOTTOM OF THE 3RD
St. Lucie Mets batting - Pitching for Lynchburg Hillcats : RHP Gordie Pierson
Batting: LHB Randolph Brodbeck 0-0: Foul Ball, location: 2F
0-1: Ground out 5-3 (Groundball, 56, EV 100.0 MPH)
Batting: RHB David Reyna 0-0: Ball
1-0: Ball
2-0: Called Strike
2-1: Ball
3-1: Swinging Strike
3-2: Foul Ball, location: 9LDF
3-2: Foul Ball, location: 3FF
3-2: Foul Ball, location: 2LF
3-2: Strikes out swinging
Batting: RHB Eric Zylstra 0-0: Ball
1-0: Fly out, F8 (Flyball, 8RXD, EV 91.3 MPH)
Bottom of the 3rd over - 0 runs, 0 hits, 0 errors, 0 left on base; Lynchburg 5 - St. Lucie 0
TOP OF THE 4TH
Lynchburg Hillcats batting - Pitching for St. Lucie Mets : LHP Jesus Espitia
Batting: RHB Juan Ordonez 0-0: Ball
1-0: Called Strike
1-1: Foul Ball, location: 7LDF
1-2: Strikes out swinging, 2-3 out at first.
Batting: SHB Jack Tierney 0-0: Called Strike
0-1: Swinging Strike
0-2: Ball
1-2: Strikes out swinging
Batting: RHB Patrick Pinault 0-0: Ball
1-0: Swinging Strike
1-1: Ball
2-1: Called Strike
2-2: Ball
3-2: Base on Balls
Batting: LHB Esteban Cordova 0-0: Called Strike
0-1: Swinging Strike
0-2: Ball
Patrick Pinault is caught stealing 2nd base 2-6
Top of the 4th over - 0 runs, 0 hits, 0 errors, 0 left on base; Lynchburg 5 - St. Lucie 0
BOTTOM OF THE 4TH
St. Lucie Mets batting - Pitching for Lynchburg Hillcats : RHP Gordie Pierson
Batting: RHB Prabhukumar Santhanakrishnan 0-0: Called Strike
0-1: Called Strike
0-2: Foul Ball, location: 9LMF
0-2: Ball
1-2: Ground out 4-3 (Groundball, 4, EV 86.9 MPH)
Batting: SHB Nick Daigle 0-0: Ball
1-0: Ball
2-0: Foul Ball, location: 7LMF
2-1: Foul Ball, location: 7LSF
2-2: Ball
3-2: Base on Balls
Batting: RHB Warren Carmichael 0-0: Ball
Nick Daigle is caught stealing 2nd base 2-4
1-0: Called Strike
1-1: Swinging Strike
1-2: Strikes out swinging
Bottom of the 4th over - 0 runs, 0 hits, 0 errors, 0 left on base; Lynchburg 5 - St. Lucie 0
TOP OF THE 5TH
Lynchburg Hillcats batting - Pitching for St. Lucie Mets : LHP Jesus Espitia
Batting: LHB Esteban Cordova 0-0: Ball
1-0: Swinging Strike
1-1: Foul Ball, location: 2F
1-2: Foul Ball, location: 7LDF
1-2: Ball
2-2: Fly out, F6 (Line Drive, 56, EV 72.5 MPH)
Batting: RHB Carlos Abrego 0-0: Ball
1-0: Foul Ball, location: 5FF
1-1: Ball
2-1: SINGLE (Groundball, 6S, EV 75.6 MPH) (infield hit)
Batting: RHB Steve Gusman 0-0: Ball
1-0: Foul Ball, location: 2F
1-1: Foul Ball, location: 2LF
1-2: Foul Ball, location: 2F
1-2: Fly out, F4 (Line Drive, 34, EV 71.9 MPH)
Batting: RHB Jeremy Givens 0-0: Ball
1-0: Called Strike
1-1: Swinging Strike
1-2: Fly out, F8 (Flyball, 8LM, EV 92.5 MPH)
Top of the 5th over - 0 runs, 1 hit, 0 errors, 1 left on base; Lynchburg 5 - St. Lucie 0
BOTTOM OF THE 5TH
St. Lucie Mets batting - Pitching for Lynchburg Hillcats : RHP Gordie Pierson
Batting: RHB Craig Alvarado 0-0: SINGLE (Line Drive, 8RS, EV 104.4 MPH)
Batting: LHB Matt Baker 0-0: Ball
1-0: Ball
2-0: Foul Ball, location: 2F
2-1: Fly out, F8 (Flyball, 8RD, EV 80.6 MPH)
Batting: RHB Roberto Delgado 0-0: Ball
1-0: Swinging Strike
1-1: Foul Ball, location: 9LSF
1-2: Foul Ball, location: 23F
1-2: Grounds into double play, U4-3 (Groundball, 6M, EV 89.4 MPH)
Bottom of the 5th over - 0 runs, 1 hit, 0 errors, 0 left on base; Lynchburg 5 - St. Lucie 0
TOP OF THE 6TH
Lynchburg Hillcats batting - Pitching for St. Lucie Mets : LHP Jesus Espitia
Batting: LHB Rich Walker 0-0: Foul Ball, location: 5F
0-1: Ball
1-1: Fly out, F7 (Flyball, 7LM, EV 85.6 MPH)
Batting: RHB Tony Gonzales 0-0: DOUBLE (Groundball, 5L, EV 101.9 MPH)
Batting: RHB Juan Ordonez 0-0: Swinging Strike
0-1: Ball
1-1: Ball
2-1: Ball
3-1: SINGLE (Groundball, 6MD, EV 98.8 MPH)
Tony Gonzales to third
Pitching: RHP Jason Horvath
Batting: SHB Jack Tierney 0-0: Ball
1-0: Hit by Pitch
Juan Ordonez to second
Batting: RHB Patrick Pinault 0-0: Swinging Strike
0-1: Ball
1-1: Ball
Wild Pitch!
Tony Gonzales scores
Juan Ordonez to third
Jack Tierney to second
2-1: Ball
3-1: Ground out 5-3 (Groundball, 56S, EV 81.9 MPH)
Juan Ordonez scores
Jack Tierney to third
Batting: LHB Esteban Cordova 0-0: Ball
1-0: Fly out, F7 (Flyball, 7, EV 93.1 MPH)
Top of the 6th over - 2 runs, 2 hits, 0 errors, 1 left on base; Lynchburg 7 - St. Lucie 0
BOTTOM OF THE 6TH
St. Lucie Mets batting - Pitching for Lynchburg Hillcats : RHP Gordie Pierson
Batting: LHB Randolph Brodbeck 0-0: Called Strike
0-1: SINGLE (Line Drive, 89M, EV 105.6 MPH)
Batting: RHB David Reyna 0-0: Ball
1-0: Swinging Strike
1-1: Ball
2-1: Ball
3-1: Base on Balls
Randolph Brodbeck to second
Batting: RHB Eric Zylstra 0-0: Called Strike
0-1: Foul Ball, location: 9LDF
0-2: Foul Ball, location: 25FF
0-2: Ball
1-2: Ball
2-2: Strikes out swinging
Batting: RHB Prabhukumar Santhanakrishnan 0-0: Ball
1-0: Ball
2-0: Foul Ball, location: 23F
2-1: Ball
3-1: Fly out, F4 (Popup, 4D, EV 54.4 MPH)
Batting: SHB Nick Daigle 0-0: Ball
1-0: Ball
2-0: SINGLE (Line Drive, 4MD, EV 94.4 MPH)
Randolph Brodbeck to third
David Reyna to second
Runner from 3rd tries for Home, SAFE, throw by CF to home
David Reyna to third
Nick Daigle to second
Batting: RHB Warren Carmichael 0-0: Called Strike
0-1: Called Strike
0-2: Ball
1-2: Ball
2-2: Strikes out swinging
Bottom of the 6th over - 1 run, 2 hits, 0 errors, 2 left on base; Lynchburg 7 - St. Lucie 1
TOP OF THE 7TH
Lynchburg Hillcats batting - Pitching for St. Lucie Mets : RHP Jason Horvath
Batting: RHB Carlos Abrego 0-0: Foul Ball, location: 2F
0-1: SINGLE (Groundball, 4, EV 83.8 MPH) (infield hit)
Batting: RHB Steve Gusman 0-0: SINGLE (Groundball, 4MD, EV 105.0 MPH)
Carlos Abrego to second
Batting: RHB Jeremy Givens 0-0: Called Strike
0-1: Ball
1-1: Foul Ball, location: 3F
1-2: Grounds into double play, 6-4-3 (Groundball, 6, EV 86.3 MPH)
Carlos Abrego to third
Batting: LHB Rich Walker 0-0: Called Strike
0-1: Ball
1-1: Ball
2-1: Swinging Strike
2-2: Foul Ball, location: 5SF
2-2: Strikes out swinging
Top of the 7th over - 0 runs, 2 hits, 0 errors, 1 left on base; Lynchburg 7 - St. Lucie 1
BOTTOM OF THE 7TH
St. Lucie Mets batting - Pitching for Lynchburg Hillcats : RHP Gordie Pierson
Now at 1B: Josh Patterson
Batting: RHB Craig Alvarado 0-0: SINGLE (Groundball, 34D, EV 105.6 MPH)
Batting: LHB Matt Baker 0-0: Foul Ball, location: 2F
0-1: Ball
1-1: Ground out U3 (Groundball, 34, EV 85.6 MPH)
Craig Alvarado to second
Pitching: RHP Danny Roe
Batting: RHB Roberto Delgado 0-0: Called Strike
0-1: Swinging Strike
0-2: Strikes out swinging
Batting: LHB Randolph Brodbeck 0-0: Fly out, F7 (Flyball, 7, EV 91.3 MPH)
Bottom of the 7th over - 0 runs, 1 hit, 0 errors, 1 left on base; Lynchburg 7 - St. Lucie 1
TOP OF THE 8TH
Lynchburg Hillcats batting - Pitching for St. Lucie Mets : RHP Jason Horvath
Batting: RHB Tony Gonzales 0-0: Called Strike
0-1: Ball
1-1: Foul Ball, location: 9LSF
1-2: Strikes out swinging
Batting: RHB Juan Ordonez 0-0: Called Strike
0-1: Foul Ball, location: 5F
0-2: Ball
1-2: Fly out, F9 (Flyball, 9S, EV 88.1 MPH)
Batting: SHB Jack Tierney 0-0: Called Strike
0-1: Called Strike
0-2: Strikes out swinging
Top of the 8th over - 0 runs, 0 hits, 0 errors, 0 left on base; Lynchburg 7 - St. Lucie 1
BOTTOM OF THE 8TH
St. Lucie Mets batting - Pitching for Lynchburg Hillcats : RHP Danny Roe
Batting: RHB David Reyna 0-0: Ball
1-0: Foul Ball, location: 9LDF
1-1: Called Strike
1-2: Ball
2-2: Ball
3-2: Foul Ball, location: 25FF
3-2: Strikes out looking
Batting: RHB Eric Zylstra 0-0: Ball
1-0: Ball
2-0: Ball
3-0: Base on Balls
Batting: RHB Prabhukumar Santhanakrishnan 0-0: Called Strike
0-1: Swinging Strike
0-2: Ball
1-2: Grounds into double play, U4-3 (Groundball, 6MD, EV 98.8 MPH)
Bottom of the 8th over - 0 runs, 0 hits, 0 errors, 0 left on base; Lynchburg 7 - St. Lucie 1
TOP OF THE 9TH
Lynchburg Hillcats batting - Pitching for St. Lucie Mets : RHP Jason Horvath
Pitching: RHP Emanuel Anochondo
Pinch Hitting: LHB Frank Hill 0-0: Called Strike
0-1: Swinging Strike
0-2: Strikes out looking
Batting: LHB Esteban Cordova 0-0: Foul Ball, location: 2F
0-1: Foul Ball, location: 2F
0-2: Ball
1-2: Foul Ball, location: 2F
1-2: Ball
2-2: SINGLE (Line Drive, 4M, EV 96.9 MPH)
Batting: RHB Josh Patterson 0-0: Ball
1-0: 2-RUN HOME RUN (Flyball, 7LD, EV 95.0 MPH), Distance : 364 ft
Batting: RHB Steve Gusman 0-0: Called Strike
0-1: Fly out, F8 (Flyball, 8LXD, EV 105.0 MPH)
Batting: RHB Jeremy Givens 0-0: Called Strike
0-1: Ball
1-1: Ball
2-1: SOLO HOME RUN (Flyball, 9D, EV 98.1 MPH), Distance : 371 ft
Batting: LHB Rich Walker 0-0: Foul Ball, location: 2F
0-1: Called Strike
0-2: Ball
1-2: Strikes out looking
Top of the 9th over - 3 runs, 3 hits, 0 errors, 0 left on base; Lynchburg 10 - St. Lucie 1
BOTTOM OF THE 9TH
St. Lucie Mets batting - Pitching for Lynchburg Hillcats : RHP Danny Roe
Now at 2B: Steve Gusman
Now in RF: Frank Hill
Batting: SHB Nick Daigle 0-0: Ball
1-0: Foul Ball, location: 25F
1-1: Ball
2-1: Called Strike
2-2: Ball
3-2: Ground out 4-3 (Groundball, 4, EV 87.5 MPH)
Batting: RHB Warren Carmichael 0-0: Ball
1-0: SINGLE (Groundball, 56S, EV 71.9 MPH) (infield hit)
Batting: RHB Craig Alvarado 0-0: Ball
1-0: Swinging Strike
1-1: Swinging Strike
1-2: Strikes out looking
Batting: LHB Matt Baker 0-0: SINGLE (Groundball, 6MD, EV 98.8 MPH)
Warren Carmichael to second
Batting: SHB Tyler Maddux 0-0: Ball
1-0: Ball
2-0: Ball
3-0: Swinging Strike
3-1: Called Strike
3-2: Strikes out swinging
Bottom of the 9th over - 0 runs, 2 hits, 0 errors, 2 left on base; Lynchburg 10 - St. Lucie 1
Sunday, July 16th , 2023 - OOTP Baseball 24.6 Build 69